 Dungeon Crawl Stone Soup version 0.26.1-11-gd32895ea62 (webtiles) character file.

Game seed: 4416160426730253278

74 ubername the Chopper (level 4, -3/40 HPs)
             Began as a Hill Orc Monk on May 24, 2021.
             Slain by a gnoll
             ... wielding a +0 halberd
              (4 damage)
             ... on level 2 of the Dungeon.
             The game lasted 00:04:38 (2996 turns).

ubername the Chopper (Hill Orc Monk)                Turns: 2996, Time: 00:04:39

Health: -3/40      AC:  3    Str: 13    XL:     4   Next: 30%
Magic:  4/4        EV: 13    Int: 10    God:
Gold:   70         SH:  0    Dex: 14    Spells: 3/3 levels left

rFire    . . .     SeeInvis .   a - +0 hand axe
rCold    . . .     Faith    .   (no shield)
rNeg     . . .     Spirit   .   e - +0 leather armour
rPois    .         Reflect  .   (no helmet)
rElec    .         Harm     .   (no cloak)
rCorr    .         Rampage  .   (no gloves)
Will     .....                  (no boots)
Stlth    ++........             (no amulet)
HPRegen  0.13/turn              (no ring)
MPRegen  0.09/turn              (no ring)

@: no status effects
A: no striking features
a: no special abilities


You were on level 2 of the Dungeon.
You visited 1 branch of the dungeon, and saw 2 of its levels.

You collected 70 gold pieces.

Inventory:

Hand Weapons
 a - a +0 hand axe (weapon)
Missiles
 c - 76 stones
 d - 4 curare-tipped darts (quivered)
 m - 4 poisoned darts
Armour
 b - a +0 robe
 e - a +0 leather armour (worn)
 n - a +0 scale mail
Jewellery
 q - an uncursed ring of poison resistance {unknown}
Scrolls
 f - 3 scrolls of remove curse {unknown}
 g - 2 scrolls of teleportation {unknown}
 j - a scroll of enchant armour {unknown}
 l - 3 scrolls of identify {unknown}
 p - a scroll of amnesia {unknown}
 t - a scroll of immolation {unknown}
Potions
 h - a potion of attraction {unknown}
 i - 2 potions of heal wounds {unknown}
 k - 2 potions of curing {unknown}
 o - a potion of berserk rage {unknown}
 r - a potion of might {unknown}
 s - a potion of cancellation {unknown}


   Skills:
 + Level 4.1 Fighting
 + Level 4.7 Axes
 + Level 0.9 Throwing
 + Level 1.3 Armour
 + Level 2.9 Dodging
 + Level 1.8 Stealth


You had 3 spell levels left.
You didn't know any spells.
Your spell library was empty.

Dungeon Overview and Level Annotations

Branches:
Dungeon (2/15)

Altars:
Nemelex Xobeh

Annotations:
D:2 Sigmund


Message History

The gnoll hits you from afar with a +2 spear of freezing!
The gnoll freezes you.
You hit the gnoll.
The gnoll is moderately wounded.
The gnoll barely misses you. x2
The gnoll hits you with a +2 spear of freezing!
* * * LOW HITPOINT WARNING * * *
The gnoll freezes you.
* * * LOW HITPOINT WARNING * * *
The gnoll hits you from afar with a +0 halberd.
* * * LOW HITPOINT WARNING * * *
You barely miss the gnoll.
The gnoll hits you with a +2 spear of freezing.
* * * LOW HITPOINT WARNING * * *
The gnoll freezes you.
* * * LOW HITPOINT WARNING * * *
The gnoll closely misses you.
You hit the gnoll but do no damage. The gnoll completely misses you.
The gnoll hits you from afar with a +0 halberd.
You die...

#.....######.###.##
#...........## ##.#
#.....######.###.##
#.#.#.# ##.#.##
#.....# ##.##
###.### #.# #'# #.#
. #####.##### ..
#....g.@g.#
#.##..###.# #...# #
. ...... . #.#...#
#.##.#. . .. . # ..
.


You could see 2 gnolls.

Vanquished Creatures
  Natasha (D:1)
  A gnoll (D:2)
  An ooze (D:2)
  A worm (D:2)
  A dart slug (D:1)
  A leopard gecko (D:2)
  An orc (D:2)
  A ball python (D:2)
  4 bats
  2 giant cockroaches (D:1)
  4 goblins
  4 hobgoblins (D:1)
  A frilled lizard (D:1)
  5 kobolds
  2 rats (D:1)
30 creatures vanquished.

Notes
Turn   | Place    | Note
-------+----------+-------------------------------------------
     0 | D:1      | ubername the Hill Orc Monk began the quest for the Orb.
     0 | D:1      | Reached XP level 1. HP: 19/19 MP: 1/1
   272 | D:1      | Reached XP level 2. HP: 23/27 MP: 2/2
  1273 | D:2      | Noticed Natasha
  1412 | D:1      | Noticed a crimson imp
  1415 | D:1      | Killed Natasha
  1416 | D:1      | Reached skill level 1 in Armour
  1416 | D:1      | Reached XP level 3. HP: 8/33 MP: 3/3
  2090 | D:2      | Noticed Sigmund
  2320 | D:2      | Reached XP level 4. HP: 40/40 MP: 4/4
  2621 | D:2      | Found a sparkling altar of Nemelex Xobeh.
  2995 | D:2      | HP: 2/40 [gnoll/+2 spear of freezing (5)]
  2996 | D:2      | Slain by a gnoll

Illustrated notes

Levels and vault maps discovered:
D:1:      lemuel_arrival_cross, layout_loops_cross
D:2:      layout_loops_corners, lemuel_doored_altar, cheibriados_altar_1,
          uniq_natasha, uniq_sigmund

Skill      XL: |  1  2 |
---------------+-------+-----
Fighting       | 4 |  4.1
Armour         | 1 |  1.3
Axes           | |  4.7
Throwing       | |  0.9
Dodging        | |  2.9
Stealth        | |  1.8

Action                   |  1- 3 |  4- 6 || total
-------------------------+-------+-------++-------
Melee: Hand axe          |    66 |    28 ||    94
Throw: Dart              |    26 |       ||    26
       Stone             |     1 |       ||     1
 Stab: Sleeping          |     2 |       ||     2
Armor: Leather armour    |    24 |     1 ||    25
Dodge: Dodged            |    48 |    24 ||    72
